[Event "WTCC-65 2018"]
[Site "Radebeul"]
[Date "2018.07.08"]
[Round "2"]
[White "Hort, Vlastimil"]
[Black "Rooze, Jan"]
[Result "1-0"]
[ECO "B34"]
[WhiteElo "2421"]
[BlackElo "2314"]
[Annotator "ChessBase"]
[PlyCount "119"]
[EventDate "2018.07.07"]
[EventType "team-tourn"]
[EventCountry "GER"]
[SourceTitle "playchess.com"]
[Source "ChessBase"]
[SourceQuality "1"]
[TimeControl "40/5400+30:1800+30"]

1. e4 c5 2. Nc3 Nc6 3. Nge2 g6 4. d4 cxd4 5. Nxd4 Bg7 6. Be3 Nf6 7. Be2 O-O 8. O-O d5 9. Nxc6 bxc6 10. e5 Ne4 11. f4 Nxc3 12. bxc3 f6 13. exf6 exf6 14. Bd4 Re8 15. Bf3 Bf5 16. c4 Be4 17. Re1 Qc7 18. cxd5 cxd5 19. Qd2 Rac8 20. c3 f5 21. Rac1 Bh6 22. Be3 Rcd8 23. Bd1 Bf8 24. Bb3 h6 25. Qf2 Ba3 26. Rcd1 Re7 27. Bd4 Kh7 28. Qh4 Re6 29. Re3 Bf8 30. Rh3 Rde8 31. Re1 a5 32. Ree3 g5 33. fxg5 Qc6 34. gxh6 Bc5 35. Qf2 Bxd4 36. cxd4 Rg8 37. Rhg3 Rxg3 38. hxg3 Rxh6 39. Re1 Qg6 40. Bd1 Qb6 41. Bf3 Rf6 42. Rf1 Kg6 43. Qe3 Bxf3 44. gxf3 Qb2 45. Rf2 Qb1+ 46. Kg2 f4 47. Qe8+ Kh6 48. Qe5 Qg6 49. g4 Qg5 50. Qxg5+ Kxg5 51. Re2 Rc6 52. Re5+ Kg6 53. Rxd5 Rc2+ 54. Kh3 Rxa2 55. Rf5 a4 56. Rxf4 Rd2 57. d5 a3 58. Ra4 a2 59. Ra6+ Kf7 60. Kg3 1-0

[Event "WTCC-65 2018"]
[Site "Radebeul"]
[Date "2018.07.08"]
[Round "2"]
[White "Boidman, Yuri"]
[Black "Sobeck, Guenter"]
[Result "1/2-1/2"]
[ECO "A46"]
[WhiteElo "2358"]
[BlackElo "2033"]
[Annotator "NA"]
[PlyCount "65"]
[EventDate "2018.07.07"]
[EventType "team-tourn"]
[EventCountry "GER"]
[SourceTitle "playchess.com"]
[Source "ChessBase"]
[SourceQuality "1"]
[TimeControl "40/5400+30:1800+30"]

1. Nf3 Nf6 2. d4 e6 3. Bg5 h6 4. Bh4 b6 5. e3 Bb7 6. Bd3 c5 {[%emt 0:00:24] LiveBook: 79 Games} (6... g5 $5 7. Bg3 $8 g4 $11) 7. O-O Be7 8. Nbd2 d6 9. c3 Nbd7 10. e4 O-O 11. Qe2 Nh5 {[%emt 0:00:39] A47: 1 d4 Nf6 2 Nf3 b6: Torre, London and Colle Systems} 12. Bxe7 Qxe7 13. g3 Rfc8 (13... e5 14. d5 a6 15. a4 g6 16. Qe3 Kg7 17. Nh4 Nf4 18. Bc2 b5 19. Kh1 {1-0 (46) Artemiev,V (2692)-Korotylev,A (2573) Sochi 2017}) 14. a4 a6 15. Rfe1 $146 ({Predecessor:} 15. Rac1) 15... cxd4 16. cxd4 Nhf6 17. Rac1 a5 18. b3 e5 19. Bc4 g6 20. h3 Kg7 21. Qe3 Nh7 22. Bd5 Rxc1 23. Rxc1 Rc8 24. Rxc8 Bxc8 25. Qc3 $11 Ba6 26. Qc7 Nhf6 27. Bc4 Bxc4 28. Nxc4 exd4 29. Nxd6 Nxe4 30. Nc8 Qe6 31. Qc4 Qf6 32. Qxd4 Nec5 33. Qd5 1/2-1/2

[Event "WTCC-65 2018"]
[Site "Radebeul"]
[Date "2018.07.08"]
[Round "2"]
[White "Sharif, Mehrshad"]
[Black "Singer, Hans"]
[Result "1/2-1/2"]
[ECO "A04"]
[WhiteElo "2353"]
[BlackElo "2175"]
[Annotator "NA"]
[PlyCount "66"]
[EventDate "2018.07.07"]
[EventType "team-tourn"]
[EventCountry "GER"]
[SourceTitle "playchess.com"]
[Source "ChessBase"]
[SourceQuality "1"]
[TimeControl "40/5400+30:1800+30"]

1. Nf3 c5 2. b3 Nf6 3. Bb2 e6 4. g3 Nc6 5. Bg2 d5 6. O-O Be7 7. d4 cxd4 8. Nxd4 Qb6 9. c4 O-O 10. cxd5 exd5 11. Nxc6 bxc6 12. Nc3 Bf5 {[%emt 0:07:35] D34: Tarrasch Defence: 6 g3 Nf6 7 Bg2 Be7} (12... Be6 13. Na4 Qb5 14. Rc1 Rac8 15. Bd4 c5 16. Nc3 Qa5 17. Bxf6 Bxf6 18. Nxd5 Qxa2 19. Nxf6+ gxf6 20. Bd5 Bxd5 21. Qxd5 Qxe2 {0-1 (33) Aronian,L (2792)-Kramnik,V (2801) Zuerich 2016}) 13. Rc1 Rfe8 14. e3 Rac8 $146 ({Predecessor:} 14... Qa6 15. Na4 Rab8 16. Bd4 Ba3 17. Rc3 Bb4 18. Rc1 Nd7 19. Bb2 Nc5 20. Nxc5 Qxa2 21. Bd4 a5 22. Na6 Rbd8 23. Nxb4 axb4 24. Rxc6 Qa3 25. Rc5 {1-0 (25) Dudley,B (1683)-Kobryn,T (1986) ICCF email 2010}) 15. Qe2 Qa5 16. Rfd1 Ba3 17. Na4 Bg4 18. f3 Bxb2 19. Qxb2 Be6 20. Qd2 Qc7 21. Qd4 Nd7 22. Nc5 Qb6 23. Nxd7 Bxd7 24. Rc5 Qa6 25. Rd2 h6 26. Kf2 Bf5 27. b4 Qb6 28. Rd1 Rb8 29. a3 Bd7 30. Rdc1 Rb7 31. Bf1 Reb8 32. R1c3 Re8 (32... Be8 ) 33. h4 g6 $16 ({Black should play} 33... Qd8) 1/2-1/2

[Event "WTCC-65 2018"]
[Site "Radebeul"]
[Date "2018.07.08"]
[Round "2"]
[White "Karasev, Vladimir I"]
[Black "Dickhoff, Ronald"]
[Result "1-0"]
[ECO "A45"]
[WhiteElo "2337"]
[BlackElo "2100"]
[Annotator "NA"]
[PlyCount "101"]
[EventDate "2018.07.07"]
[EventType "team-tourn"]
[EventCountry "GER"]
[SourceTitle "playchess.com"]
[Source "ChessBase"]
[SourceQuality "1"]
[TimeControl "40/5400+30:1800+30"]

1. d4 Nf6 2. Bg5 e6 3. e4 h6 4. Bxf6 Qxf6 5. Nf3 d6 6. Nc3 g6 7. e5 {[%emt 0:00:47] A46: 1 d4 Nf6 2 Nf3 e6: Torre, London and Colle Systems} (7. Qd2 Bg7 8. h4 a6 9. O-O-O Nd7 10. e5 Qe7 11. Qf4 d5 12. Qe3 c5 13. Re1 b5 14. h5 g5 15. Nh2 Bb7 {0-1 (37) Djordjevic,V (2432)-Eljanov,P (2757) Novi Sad 2016}) 7... Qe7 8. Qd2 {[%emt 0:08:23] LiveBook: 3 Games} Bg7 9. O-O-O Bd7 10. h4 Nc6 11. exd6 cxd6 12. d5 Ne5 13. dxe6 $146 ({Predecessor:} 13. Nd4 O-O 14. f4 Ng4 15. dxe6 fxe6 {1-0 (35) Hebert,J (2395)-Sasseville,J Quebec 1984}) 13... Bxe6 14. Bb5+ ({Much weaker is} 14. Qxd6 Qxd6 15. Rxd6 Nxf3 $15) 14... Kf8 15. Nd4 a6 16. Be2 Rc8 17. Nxe6+ Qxe6 $16 18. Qxd6+ Qxd6 19. Rxd6 Nc4 20. Bxc4 Bxc3 21. Bd5 Be5 22. Rb6 Rc7 23. Rxb7 Rxb7 24. Bxb7 a5 25. Rd1 Kg7 26. Rd5 Bf4+ 27. Kd1 Rb8 28. Rb5 Kf6 29. a4 Rd8+ 30. Bd5 Bc7 31. Ke2 Re8+ 32. Kf3 Ke7 33. Rc5 Bb6 34. Rc6 Rb8 35. b3 h5 36. c3 Bd8 37. g3 Ke8 38. Ke4 Ke7 39. f4 Bb6 40. b4 Bd8 41. b5 Rb6 42. Rc8 Rd6 43. c4 Kd7 44. Ra8 f5+ 45. Kd4 Bf6+ 46. Kc5 Be7 47. Ra7+ Kd8 48. b6 Rd7+ 49. Kb5 Bb4 50. Rxd7+ Kxd7 51. c5 1-0

[Event "WTCC-65 2018"]
[Site "Radebeul"]
[Date "2018.07.08"]
[Round "2"]
[White "Buchal, Stephan"]
[Black "Van Herck, Marcel"]
[Result "1-0"]
[ECO "B12"]
[WhiteElo "2329"]
[BlackElo "2008"]
[Annotator "NA"]
[PlyCount "41"]
[EventDate "2018.07.07"]
[EventType "team-tourn"]
[EventCountry "GER"]
[SourceTitle "playchess.com"]
[Source "ChessBase"]
[SourceQuality "1"]
[TimeControl "40/5400+30:1800+30"]

1. e4 c6 2. d4 d5 3. e5 Bf5 4. Nf3 e6 5. Be2 Nd7 6. O-O Ne7 7. Nbd2 Nc8 {[%emt 0:02:27] LiveBook: 116 Games} 8. a4 a5 9. Ne1 g5 10. Bd3 Bg6 11. Bxg6 hxg6 12. Nd3 g4 $16 13. Qxg4 Rh4 14. Qg3 Rxd4 15. Nf3 Rc4 16. b3 Rxc2 17. Nd4 Rxc1 18. Raxc1 Qb6 19. Nxe6 fxe6 20. Qxg6+ Kd8 21. Nf4 1-0

[Event "WTCC-65 2018"]
[Site "Radebeul"]
[Date "2018.07.08"]
[Round "2"]
[White "Faibisovich, Vadim Z"]
[Black "Van Egmond, Rogier M"]
[Result "1-0"]
[ECO "B48"]
[WhiteElo "2312"]
[BlackElo "2147"]
[Annotator "NA"]
[PlyCount "91"]
[EventDate "2018.07.07"]
[EventType "team-tourn"]
[EventCountry "GER"]
[SourceTitle "playchess.com"]
[Source "ChessBase"]
[SourceQuality "1"]
[TimeControl "40/5400+30:1800+30"]

1. e4 c5 2. Nf3 e6 3. Nc3 Nc6 4. d4 cxd4 5. Nxd4 Qc7 6. Be3 a6 7. Bd3 Nf6 8. O-O Nxd4 9. Bxd4 Bc5 10. Bxc5 Qxc5 11. Na4 Qc7 {[%emt 0:11:53] B48: Sicilian: Taimanov: 5 Nc3 Qc7 6 Be3 a6 without Be2} 12. c4 d6 13. Rc1 Bd7 14. Nc3 O-O {[%emt 0:03:08] LiveBook: 7 Games} 15. Qe2 Rac8 {[%emt 0:04:00] [#]} 16. Rc2 $146 ({Predecessor:} 16. Rfe1 Qc5 17. e5 Qxe5 18. Qxe5 dxe5 19. Rxe5 Rfd8 {½-½ (19) Bauer,C (2612)-Lautier,J (2658) Clichy 2001}) 16... Rfd8 17. Rd1 Qa5 18. h3 b5 19. cxb5 axb5 20. e5 dxe5 21. Qxe5 Qb6 22. Bxb5 Bxb5 23. Rxd8+ Qxd8 24. Qxb5 Qd4 25. Qe2 Rd8 26. Rc1 Nd5 27. Nxd5 exd5 28. Rd1 Qf6 29. Rxd5 Rc8 30. Rd1 g6 31. Qd2 Qf5 32. Rc1 Ra8 33. a3 h5 34. Qd4 Re8 35. Rc5 $18 Qe6 36. Rd5 Kh7 37. a4 Qe1+ 38. Kh2 Re2 39. Rd8 Re5 40. f4 Re8 41. Rxe8 Qxe8 42. a5 Qb5 43. b4 h4 44. Qf6 Qxb4 45. Qxf7+ Kh6 46. Qf6 1-0

[Event "WTCC-65 2018"]
[Site "Radebeul"]
[Date "2018.07.08"]
[Round "2"]
[White "Baum, Bernd"]
[Black "Haubt, Georg"]
[Result "1/2-1/2"]
[ECO "A34"]
[WhiteElo "2280"]
[BlackElo "2149"]
[Annotator "NA"]
[PlyCount "41"]
[EventDate "2018.07.07"]
[EventType "team-tourn"]
[EventCountry "GER"]
[SourceTitle "playchess.com"]
[Source "ChessBase"]
[SourceQuality "1"]
[TimeControl "40/5400+30:1800+30"]

1. c4 c5 2. g3 Nf6 3. Bg2 d5 4. cxd5 Nxd5 5. Nc3 Nc7 6. d3 e5 7. Nf3 Nc6 8. O-O Be7 9. Nd2 Nd4 10. Nc4 f6 11. e3 Nc6 12. Qh5+ g6 13. Qe2 Bf5 14. Rd1 (14. Bxc6+ $14 bxc6 15. Ne4) 14... Qd7 $11 15. a4 Rd8 16. Nb5 Nb4 17. e4 Be6 18. Nxc7+ Qxc7 19. Bh6 Bf8 20. Be3 Bg7 21. Rac1 1/2-1/2

[Event "WTCC-65 2018"]
[Site "Radebeul"]
[Date "2018.07.08"]
[Round "2"]
[White "Khanukov, Boris"]
[Black "Etzold, Ernst Walter"]
[Result "1/2-1/2"]
[ECO "D58"]
[WhiteElo "2273"]
[BlackElo "2088"]
[Annotator "NA"]
[PlyCount "56"]
[EventDate "2018.07.07"]
[EventType "team-tourn"]
[EventCountry "GER"]
[SourceTitle "playchess.com"]
[Source "ChessBase"]
[SourceQuality "1"]
[TimeControl "40/5400+30:1800+30"]

1. d4 d5 2. c4 e6 3. Nc3 Nf6 4. Bg5 Be7 5. e3 h6 6. Bh4 O-O 7. Nf3 b6 8. cxd5 {[%emt 0:01:33] LiveBook: 707 Games} exd5 9. Rc1 Bb7 10. Be2 Nbd7 11. O-O a6 12. Ne5 Ne4 (12... Nxe5 $11 {keeps the balance.} 13. dxe5 Ne4 14. Bxe7 Qxe7) 13. Bxe7 $16 Qxe7 14. Nxe4 Nxe5 15. Ng3 Ng6 16. Bd3 c5 17. dxc5 bxc5 18. Bxg6 fxg6 19. Qc2 Qf6 20. Qxc5 Rac8 21. Qd4 Rxc1 22. Rxc1 Qxf2+ 23. Kh1 Rf7 24. Rg1 Re7 25. Nf1 Kh7 26. h3 Qf6 27. Nd2 Qf2 28. Nf1 Qf6 1/2-1/2

[Event "WTCC-65 2018"]
[Site "Radebeul"]
[Date "2018.07.08"]
[Round "2"]
[White "Espig, Lutz"]
[Black "Rotstein, Jefim"]
[Result "1/2-1/2"]
[ECO "A04"]
[WhiteElo "2258"]
[BlackElo "2318"]
[Annotator "ChessBase"]
[PlyCount "29"]
[EventDate "2018.07.07"]
[EventType "team-tourn"]
[EventCountry "GER"]
[SourceTitle "playchess.com"]
[Source "ChessBase"]
[SourceQuality "1"]
[TimeControl "40/5400+30:1800+30"]

1. Nf3 g6 2. e4 Bg7 3. d4 d6 4. h3 c6 5. a4 Nf6 6. Nc3 a5 7. Be3 O-O 8. Qd2 d5 9. e5 Ne8 10. Bh6 f6 11. Bxg7 Nxg7 12. Bd3 Nd7 13. exf6 exf6 14. O-O Nb6 15. Rfe1 1/2-1/2

[Event "WTCC-65 2018"]
[Site "Radebeul"]
[Date "2018.07.08"]
[Round "2"]
[White "Bernard, Christophe"]
[Black "Gneiss, Karl"]
[Result "1-0"]
[ECO "E15"]
[WhiteElo "2253"]
[BlackElo "2090"]
[Annotator "NA"]
[PlyCount "63"]
[EventDate "2018.07.07"]
[EventType "team-tourn"]
[EventCountry "GER"]
[SourceTitle "playchess.com"]
[Source "ChessBase"]
[SourceQuality "1"]
[TimeControl "40/5400+30:1800+30"]

1. d4 Nf6 2. Nf3 e6 3. c4 b6 4. g3 d5 5. Bg2 Bb7 6. cxd5 exd5 7. Nc3 Be7 8. Qa4+ c6 {[%emt 0:08:35] LiveBook: 8 Games} 9. Ne5 O-O 10. O-O Nfd7 {[%emt 0:08:42] E17: Queen's Indian: 4 g3 Bb7 5 Bg2 Be7} 11. Nd3 a5 12. a3 Bf6 13. Be3 $146 ({Predecessor:} 13. Nf4 b5 14. Qd1 Qb6 15. Be3 g6 {1-0 (38) Miles,A (2579)-Straub,P (2126) Nova Gorica 2000}) 13... Na6 14. Rac1 Nc7 15. Qd1 Ne6 16. Nf4 Re8 17. Qd2 Ba6 18. Rfe1 Ndf8 19. Nxe6 Nxe6 20. Rcd1 Bc4 21. Qc2 Qd6 22. f4 Rad8 23. Bf2 a4 24. Nxa4 b5 25. Nc5 Bxd4 {[%emt 0:04:25] [#]} 26. Nb7 $1 Bxf2+ 27. Kxf2 Qc7 28. Nxd8 Qb6+ $18 (28... Nc5 $142 29. Nxc6 Qxc6) 29. e3 Nc5 30. b4 Nd3+ 31. Rxd3 Bxd3 32. Qxd3 1-0

[Event "WTCC-65 2018"]
[Site "Radebeul"]
[Date "2018.07.08"]
[Round "2"]
[White "Kierzek, Matthias"]
[Black "Biller, Helmut"]
[Result "1/2-1/2"]
[ECO "D37"]
[WhiteElo "2247"]
[BlackElo "2072"]
[Annotator "NA"]
[PlyCount "93"]
[EventDate "2018.07.07"]
[EventType "team-tourn"]
[EventCountry "GER"]
[SourceTitle "playchess.com"]
[Source "ChessBase"]
[SourceQuality "1"]
[TimeControl "40/5400+30:1800+30"]

1. d4 {[%emt 0:00:00] Sumets,A} d5 2. c4 e6 3. Nc3 Nf6 4. Nf3 Be7 5. Bf4 O-O 6. e3 c5 7. dxc5 Bxc5 8. cxd5 Nxd5 9. Nxd5 exd5 10. Bd3 {[%emt 0:00:07] LiveBook: 83 Partien} Bb4+ {[%emt 0:03:37] D37: Queen's Gambit Declined: 5 Bf4} 11. Nd2 Nc6 12. O-O Be6 13. Nf3 {[%emt 0:16:41] [#]} h6 $146 ({Predecessor:} 13... Be7 14. Rc1 Bf6 15. a3 Qe7 16. b4 a6 17. h3 Rac8 18. Rc5 {1-0 (33) Nepomniachtchi,I (2742)-Nakamura,H (2792) Saint Louis 2017 CBM 180 [Sumets,A]}) 14. Bc2 Qf6 15. Qd3 Rfc8 16. Qh7+ Kf8 17. a3 g5 18. Bg3 Be7 19. b4 Qg7 20. Qd3 a6 21. Bb3 Rd8 22. Rac1 Rac8 23. Rc2 Qf6 24. Qd2 Bf5 25. Rcc1 Be4 26. Nd4 Nxd4 27. exd4 Rxc1 28. Rxc1 Bd6 29. f3 Bf5 30. Re1 Bxg3 31. hxg3 Qd6 32. Re5 Be6 33. f4 f6 34. Re1 Bf5 35. Bc2 Bxc2 36. Qxc2 Kg7 37. Qc5 Kf7 38. f5 Rd7 39. Qc8 Re7 40. Re6 Rxe6 41. fxe6+ Qxe6 42. Qxb7+ Kg6 43. Kh2 h5 $11 44. Qb8 Qe4 45. Qg8+ Kh6 46. Qf8+ Kg6 47. Qg8+ 1/2-1/2

[Event "WTCC-65 2018"]
[Site "Radebeul"]
[Date "2018.07.08"]
[Round "2"]
[White "Povah, Nigel E"]
[Black "Lenk, Wolfgang"]
[Result "1-0"]
[ECO "A45"]
[WhiteElo "2245"]
[BlackElo "2156"]
[Annotator "NA"]
[PlyCount "51"]
[EventDate "2018.07.07"]
[EventType "team-tourn"]
[EventCountry "GER"]
[SourceTitle "playchess.com"]
[Source "ChessBase"]
[SourceQuality "1"]
[TimeControl "40/5400+30:1800+30"]

1. d4 Nf6 2. Bf4 g6 3. Nc3 d6 4. e4 Bg7 5. Qd2 Nbd7 {[%emt 0:12:42] LiveBook: 7 Partien} 6. Bh6 Bxh6 7. Qxh6 c5 8. O-O-O cxd4 9. Rxd4 Qb6 10. Nf3 a6 11. Bc4 Ne5 $16 12. Nxe5 Qxd4 13. Bxf7+ Kd8 14. Qg7 Re8 15. Nd3 b5 16. Bxe8 Kxe8 17. Nd5 Ra7 18. Nxf6+ Qxf6 19. Qg8+ Kd7 20. f4 Rc7 21. Rd1 Ra7 22. e5 dxe5 23. Nxe5+ Kc7 24. g3 Qe6 25. Qxh7 Qf6 26. Qg8 1-0

[Event "WTCC-65 2018"]
[Site "Radebeul"]
[Date "2018.07.08"]
[Round "2"]
[White "Emerson, Roger"]
[Black "Petzold, Hans"]
[Result "1/2-1/2"]
[ECO "E46"]
[WhiteElo "2211"]
[BlackElo "2042"]
[Annotator "NA"]
[PlyCount "80"]
[EventDate "2018.07.07"]
[EventType "team-tourn"]
[EventCountry "GER"]
[SourceTitle "playchess.com"]
[Source "ChessBase"]
[SourceQuality "1"]
[TimeControl "40/5400+30:1800+30"]

1. d4 e6 2. c4 Nf6 3. Nc3 Bb4 4. e3 O-O 5. Nge2 d6 6. a3 {[%emt 0:00:16] E46: Nimzo-Indian: Rubinstein: 4 e3 0-0 5 Ne2 without early Bd3} Bxc3+ 7. Nxc3 e5 8. Be2 e4 $146 ({Predecessor:} 8... Nc6 9. d5 Ne7 10. b4 a5 11. Bb2 c6 12. dxc6 Nxc6 13. b5 Ne7 {1-0 (44) Wang,Y (2718)-Mohammad,M (2436) Abu Dhabi 2016}) 9. b4 a5 10. Bb2 Re8 11. O-O Bf5 12. b5 Nbd7 13. a4 b6 14. Ba3 Nf8 15. c5 d5 16. cxb6 cxb6 17. Bxf8 Rxf8 18. Qb3 Qd7 19. Rfc1 Rac8 20. Rc2 $11 Rc7 21. Rac1 Rfc8 22. Nd1 Be6 23. Rc6 Ne8 24. R1c3 Rb8 25. Rxc7 Nxc7 26. Qa3 Ne8 27. Rc6 g6 28. f3 Qd8 29. Nc3 Bd7 30. fxe4 Bxc6 31. bxc6 dxe4 32. Nxe4 Rc8 33. Bb5 Qd5 34. Qe7 Qe6 35. Qd7 Kg7 36. Bc4 Qxe4 37. Qxc8 Qxe3+ 38. Kf1 Qc1+ 39. Kf2 Qxc4 40. Qxe8 Qxd4+ 1/2-1/2

[Event "WTCC-65 2018"]
[Site "Radebeul"]
[Date "2018.07.08"]
[Round "2"]
[White "Schmidt, Gerhard"]
[Black "Bellin, Robert"]
[Result "1/2-1/2"]
[ECO "A80"]
[WhiteElo "2174"]
[BlackElo "2333"]
[Annotator "NA"]
[PlyCount "44"]
[EventDate "2018.07.07"]
[EventType "team-tourn"]
[EventCountry "GER"]
[SourceTitle "playchess.com"]
[Source "ChessBase"]
[SourceQuality "1"]
[TimeControl "40/5400+30:1800+30"]

1. d4 f5 2. Bg5 h6 3. Bh4 g5 4. e3 Nf6 5. Bg3 {[%emt 0:00:19] LiveBook: 202 Partien} d6 6. c4 e6 7. Nc3 Qe7 8. Nf3 Nh5 9. Nd2 Nxg3 10. hxg3 Bg7 11. Qc2 O-O 12. O-O-O c5 13. Nb3 Bd7 14. Qd2 Rd8 15. dxc5 $11 dxc5 16. Qd6 Qxd6 17. Rxd6 Bf8 18. Rd2 Nc6 19. Nb5 Be8 20. Nc7 Rxd2 21. Nxd2 Rd8 22. Nxe6 Rd6 1/2-1/2

[Event "WTCC-65 2018"]
[Site "Radebeul"]
[Date "2018.07.08"]
[Round "2"]
[White "Titz, Heimo"]
[Black "Vaisser, Anatoli"]
[Result "0-1"]
[ECO "A20"]
[WhiteElo "2164"]
[BlackElo "2502"]
[Annotator "ChessBase"]
[PlyCount "78"]
[EventDate "2018.07.07"]
[EventType "team-tourn"]
[EventCountry "GER"]
[SourceTitle "playchess.com"]
[Source "ChessBase"]
[SourceQuality "1"]
[TimeControl "40/5400+30:1800+30"]

1. c4 e5 2. g3 d6 3. Nc3 g6 4. Bg2 Bg7 5. d3 f5 6. e3 Nf6 7. Nge2 O-O 8. O-O Nc6 9. Rb1 a5 10. a3 g5 11. b4 axb4 12. axb4 Ne7 13. Qb3 f4 14. exf4 gxf4 15. gxf4 Ng6 16. fxe5 dxe5 17. Ne4 Nh5 18. Bg5 Qd7 19. h3 h6 20. c5+ Kh8 21. c6 bxc6 22. Be3 Nh4 23. Nc5 Qe8 24. Ng3 Nxg2 25. Kxg2 Nf4+ 26. Kh2 Qe7 27. Bxf4 exf4 28. Nge4 f3 29. Rg1 Be5+ 30. Rg3 Bxg3+ 31. fxg3 Bf5 32. Rf1 Bg6 33. Rf2 Kh7 34. Qc3 Rf7 35. g4 Raf8 36. Kg3 Rf4 37. h4 Bxe4 38. Nxe4 Qe6 39. Kh2 Qxg4 0-1

[Event "WTCC-65 2018"]
[Site "Radebeul"]
[Date "2018.07.08"]
[Round "2"]
[White "Baumbach, Friedrich"]
[Black "Balashov, Yuri S"]
[Result "0-1"]
[ECO "E15"]
[WhiteElo "2147"]
[BlackElo "2423"]
[Annotator "ChessBase"]
[PlyCount "116"]
[EventDate "2018.07.07"]
[EventType "team-tourn"]
[EventCountry "GER"]
[SourceTitle "playchess.com"]
[Source "ChessBase"]
[SourceQuality "1"]
[TimeControl "40/5400+30:1800+30"]

1. d4 Nf6 2. c4 e6 3. Nf3 b6 4. g3 Ba6 5. Qc2 c5 6. Bg2 Nc6 7. dxc5 Bxc5 8. O-O Rc8 9. Bg5 Nb4 10. Qd1 Bxc4 11. Nbd2 Ba6 12. Ne4 Be7 13. Bxf6 gxf6 14. Nc3 Bb7 15. Qa4 a6 16. Rfd1 b5 17. Qb3 Nc6 18. Ne4 Na5 19. Qd3 Nc4 20. Rab1 d5 21. Nc3 Qa5 22. b3 Ne5 23. Nxe5 Qxc3 24. Qxc3 Rxc3 25. Nd3 b4 26. Kf1 Bd6 27. Ke1 Ke7 28. Kd2 Rhc8 29. Rdc1 a5 30. Rxc3 bxc3+ 31. Kc2 Ba6 32. e3 Ba3 33. Bf1 f5 34. Nf4 Bb7 35. Rd1 Kd6 36. Ne2 e5 37. Bh3 Ke6 38. g4 fxg4 39. Bxg4+ f5 40. Bf3 Rc5 41. Rg1 Kf7 42. Rg5 Bc8 43. Bh5+ Kf6 44. Rg8 f4 45. Bg4 Bxg4 46. Rxg4 Kf5 47. Rh4 Ke4 48. exf4 Kf3 49. Ng1+ Kxf2 50. Nh3+ Ke3 51. fxe5 d4 52. Nf4 Rxe5 53. Ng2+ Kf3 54. Rxd4 Re2+ 55. Kd3 Rxg2 56. Rc4 Bb4 57. Rc7 Rd2+ 58. Kc4 c2 0-1

[Event "WTCC-65 2018"]
[Site "Radebeul"]
[Date "2018.07.08"]
[Round "2"]
[White "Ghijsen, Pim"]
[Black "Mishuchkov, Nikolai M."]
[Result "1/2-1/2"]
[ECO "A41"]
[WhiteElo "2137"]
[BlackElo "2311"]
[Annotator "NA"]
[PlyCount "84"]
[EventDate "2018.07.07"]
[EventType "team-tourn"]
[EventCountry "GER"]
[SourceTitle "playchess.com"]
[Source "ChessBase"]
[SourceQuality "1"]
[TimeControl "40/5400+30:1800+30"]

1. d4 d6 2. e4 g6 3. Nf3 Bg7 4. h3 Nf6 5. Bd3 O-O 6. O-O Nc6 7. c3 e5 8. dxe5 dxe5 {[%emt 0:02:17] LiveBook: 16 Games B07: Pirc Defence: Miscellaneous Systems} (8... Nxe5 9. Nxe5 dxe5 10. Qf3 {½-½ (10) Petrosian,T (2636)-Khairullin,I (2649) Martuni 2011}) 9. Qc2 Nh5 10. Rd1 h6 11. Be3 $146 ({Predecessor:} 11. Nh2 Qe7 12. b4 Nf4 13. Bf1 Nd8 14. Be3 b6 15. Nd2 Nde6 16. g3 {0-1 (52) Hossain,P (2275)-Rahman,Z (2493) Dhaka 2004}) 11... Qf6 12. Nbd2 Nf4 13. Bf1 g5 14. Re1 Rd8 15. Kh2 Be6 16. g3 Ng6 17. Ng1 a6 18. Nb3 b6 19. Rad1 a5 20. Rxd8+ Rxd8 21. Rd1 Rxd1 22. Qxd1 Qd8 23. Qc2 Bf8 24. Nd2 Be7 25. Bc4 Bxc4 26. Nxc4 Qd7 27. Kg2 Nd8 28. f3 Ne6 29. Ne2 h5 30. Bf2 Bc5 31. Bxc5 Nxc5 32. Nc1 h4 33. Ne3 hxg3 34. Kxg3 Nf4 35. Nf5 Nce6 36. Ne2 Qd3 37. Qxd3 Nxd3 38. b3 f6 39. h4 gxh4+ 40. Kxh4 Kf7 41. Ne3 b5 42. Kg4 Nf2+ $11 1/2-1/2

[Event "WTCC-65 2018"]
[Site "Radebeul"]
[Date "2018.07.08"]
[Round "2"]
[White "Kugelmann, Werner"]
[Black "Pushkov, Nikolai"]
[Result "1-0"]
[ECO "C02"]
[WhiteElo "2119"]
[BlackElo "2311"]
[Annotator "NA"]
[PlyCount "102"]
[EventDate "2018.07.07"]
[EventType "team-tourn"]
[EventCountry "GER"]
[SourceTitle "playchess.com"]
[Source "ChessBase"]
[SourceQuality "1"]
[TimeControl "40/5400+30:1800+30"]

1. e4 e6 2. d4 d5 3. e5 c5 4. c3 Nc6 5. Nf3 Bd7 6. Be2 Nge7 7. Na3 {[%emt 0:01:55] LiveBook: 687 Partien} cxd4 8. cxd4 Nf5 9. Nc2 Rc8 10. h4 {[%emt 0:05:09] C02: French: Advance Variation} h5 11. g3 Qb6 $146 ({Predecessor:} 11... Nb4 12. Nxb4 Bxb4+ 13. Bd2 Qb6 14. Bxb4 Qxb4+ 15. Qd2 Qxd2+ 16. Kxd2 f6 17. Bd3 Ne7 {½-½ (17) Movsesian,S (2635)-Hansen,C (2607) Germany 2006}) 12. O-O Be7 13. Kg2 Na5 14. Rb1 Bb5 15. Bxb5+ Qxb5 16. Ne3 Nxe3+ 17. Bxe3 Nc4 18. Bg5 Qa5 19. b3 Na3 20. Rc1 Kd7 21. Qe2 Qa6 22. Qd2 f6 23. Bf4 Qb5 24. exf6 gxf6 25. Rxc8 Rxc8 26. Rc1 Rxc1 27. Qxc1 Qc6 28. Qe1 a6 29. Qd2 Qc2 30. Ne1 Qxd2 31. Bxd2 Nb5 32. Nc2 e5 33. dxe5 fxe5 34. Kf3 Ke6 35. g4 hxg4+ 36. Kxg4 Nd6 37. Bb4 Nf5 38. Bxe7 Nxe7 39. Kg5 d4 40. h5 Nd5 41. Na3 e4 42. h6 Kf7 43. Nc4 e3 44. fxe3 dxe3 45. Nxe3 Nxe3 46. Kf4 Nd5+ 47. Ke5 Nc3 48. a4 b5 49. Kd4 $11 b4 50. Kc5 a5 51. Kb6 Nxa4+ 1-0

[Event "WTCC-65 2018"]
[Site "Radebeul"]
[Date "2018.07.08"]
[Round "2"]
[White "Falk, Thomas"]
[Black "Ackermann, Hans Werner"]
[Result "1/2-1/2"]
[ECO "E91"]
[WhiteElo "2117"]
[BlackElo "2267"]
[Annotator "NA"]
[PlyCount "59"]
[EventDate "2018.07.07"]
[EventType "team-tourn"]
[EventCountry "GER"]
[SourceTitle "playchess.com"]
[Source "ChessBase"]
[SourceQuality "1"]
[TimeControl "40/5400+30:1800+30"]

1. Nf3 d6 2. d4 g6 3. c4 Bg7 4. e4 Nf6 5. Nc3 O-O 6. Be2 Na6 7. O-O c6 {[%emt 0:02:49] LiveBook: 146 Partien} 8. h3 Nd7 {[%emt 0:05:07] E91: King's Indian: Classical: 6 Be2, unusual replies including 6...c5 and 6...Bg4} (8... e5 9. d5 Nh5 10. Nh2 Nf4 11. Bf3 cxd5 12. cxd5 Bd7 13. Be3 f5 14. Qd2 Nxh3+ 15. gxh3 f4 16. Bxa7 Rxa7 {0-1 (44) Rahul,S (2408)-Gukesh,D (2320) Moscow 2018}) 9. Bg5 h6 10. Be3 e5 11. Qd2 Kh7 12. Rad1 Qe7 13. dxe5 $146 ({Predecessor:} 13. a3 f5 14. dxe5 dxe5 15. Qd6 Qe8 16. b4 {1-0 (39) Maceda Espinoza,M-Retamozo,K (1956) Piura 2013}) 13... dxe5 14. a3 Nac5 15. b4 Ne6 16. c5 Nf4 17. Bc4 g5 $16 18. Qd6 Qf6 19. Qxf6 Bxf6 20. Ne2 Nxe2+ 21. Bxe2 Re8 22. Nd2 Nf8 23. Nc4 Be6 24. Nd6 Re7 25. Nf5 Rc7 26. a4 Ng6 27. Bg4 a6 28. Rd6 Re8 29. Rb1 Be7 30. Nxe7 1/2-1/2